 Dungeon Crawl Stone Soup version 0.21.1-1-g345015f (webtiles) character file.

123 Kagorn the Skirmisher (level 4, 0/40 HPs)
             Began as a Centaur Berserker on June 12, 2018.
             Was a Priest of Trog.
             Slain by an orc
             ... wielding a +0 trident
              (5 damage)
             ... on level 4 of the Dungeon.
             The game lasted 00:12:14 (2935 turns).

Kagorn the Skirmisher (Centaur Berserker)           Turns: 2935, Time: 00:12:15

Health: 0/40       AC:  7    Str: 21    XL:     4   Next: 79%
Magic:  4/4        EV:  9    Int:  6    God:    Trog [***...]
Gold:   64         SH:  0    Dex:  8    Spells: 3/3 levels left

rFire    x . .     SeeInvis .   a - +0 spear
rCold    + . .     Gourm    .   (no shield)
rNeg     . . .     Faith    .   f - +0 leather armour
rPois    .         Spirit   .   o - +2 helmet
rElec    .         Reflect  .   (no cloak)
rCorr    .         Harm     .   (no gloves)
MR       .....                  (no barding)
Stlth    ..........             (no amulet)
HPRegen  0.13/turn              p - ring of flight
MPRegen  0.09/turn              k - ring of ice

@: very quick
A: large, hooves 3, deformed body, speed 2, tough skin 3
a: Berserk, Trog's Hand, Burn Spellbooks, Renounce Religion, Evoke Flight


You were on level 4 of the Dungeon.
You worshipped Trog.
Trog was most pleased with you.
You were hungry.

You visited 1 branch of the dungeon, and saw 4 of its levels.

You collected 64 gold pieces.

Inventory:

Hand Weapons
 a - a +0 spear (weapon)
Armour
 b - a +0 animal skin
 f - a +0 leather armour (worn)
 o - a +2 helmet (worn)
Jewellery
 k - a ring of ice (right hand)
 p - a ring of flight (left hand)
Wands
 q - a wand of polymorph (15)
Scrolls
 d - a scroll of fog
 h - 2 scrolls of teleportation
 i - 3 scrolls of identify
 m - a scroll of enchant armour {unknown}
 n - 3 scrolls of remove curse
Potions
 e - a potion of agility {unknown}
 g - a potion of resistance
 j - a potion of curing {unknown}
 l - a potion of haste {unknown}
Comestibles
 c - 8 rations


   Skills:
 * Level 4.1 Fighting
 * Level 3.7 Polearms
 + Level 1.5 Armour
 + Level 2.0 Dodging


You had 3 spell levels left.
You didn't know any spells.

Dungeon Overview and Level Annotations

Branches:
Dungeon (4/15)
 Temple: D:4-7

Altars:
Xom


Innate Abilities, Weirdness & Mutations

You have hooves in place of feet.
Armour fits poorly on your strangely shaped body.
You cover ground very quickly.
You have extremely tough skin. (AC +3)


Message History

Aim: an orc, wielding a trident and wearing a leather armour (moderately wounded)
The orc is in the way.
You hit the orc.
You kill the orc!
Trog accepts your kill. The orc closely misses you.
Attack whom?
Press: ? - help, Dir - move target cursor, f/p - orc
Aim: an orc, wielding a trident and wearing a leather armour (moderately wounded)
You reach to attack!
You closely miss the orc.
The orc is moderately wounded.
The orc barely misses you.
Attack whom?
Press: ? - help, Dir - move target cursor, f/p - orc
Aim: an orc, wielding a trident and wearing a leather armour (moderately wounded)
The giant cockroach is in the way.
You closely miss the giant cockroach.
Your skin stops crawling.
You feel less resistant to hostile enchantments.
The giant cockroach closely misses you.
The orc hits you from afar with a trident.
You die...

#.. # .. .. #. ##.#
.... #. #..# .... #..
##.####..# ... ####..#
##.......## #...
......o##.........#
..#
#..$...s@.........##.#
##..######........#..#
##.........#
#...†.....#
#....†.)<## #........#
#..........#
#...........#
...............


You could see an orc and a giant cockroach.

Vanquished Creatures
  3 adders
  The ghost of Iko the Firebug, a weakling DrFE (D:3)
  3 dart slugs
  A worm (D:3)
  2 leopard geckos (D:2)
  4 orcs (D:4)
  5 giant cockroaches
  4 goblins
  6 hobgoblins
  11 jackals
  2 quokkas
  2 ball pythons
  8 bats
  5 frilled lizards
  10 kobolds
  10 rats
77 creatures vanquished.

Notes
Turn   | Place    | Note
-------+----------+-------------------------------------------
     0 | D:1      | Kagorn the Centaur Berserker began the quest for the Orb.
     0 | D:1      | Reached XP level 1. HP: 19/19 MP: 1/1
   348 | D:1      | Reached XP level 2. HP: 16/26 MP: 2/2
   918 | D:1      | Reached XP level 3. HP: 19/31 MP: 3/3
  1178 | D:2      | Reached ** piety under Trog
  1844 | D:2      | Found a faded altar of an unknown god.
  2338 | D:3      | Reached XP level 4. HP: 40/40 MP: 4/4
  2345 | D:3      | Noticed Iko's ghost (weakling DrFE)
  2351 | D:3      | Killed Iko's ghost
  2425 | D:3      | Reached *** piety under Trog
  2595 | D:3      | Reached skill level 4 in Fighting
  2653 | D:3      | Found a shimmering altar of Xom.
  2655 | D:3      | Found a burning altar of Makhleb.
  2655 | D:3      | Found a burning altar of Makhleb.
  2657 | D:3      | Found a basalt altar of Yredelemnul.
  2657 | D:3      | Found a deep blue altar of Sif Muna.
  2657 | D:3      | Found a radiant altar of Vehumet.
  2935 | D:4      | Slain by an orc

Skill      XL: |  1  2  3  4 |
---------------+-------------+-----
Polearms       | 3 |  3.7
Dodging        | 2 |  2.0
Fighting       | 4 |  4.1
Armour         | |  1.5

Action                   |  1- 3 |  4- 6 || total
-------------------------+-------+-------++-------
Melee: Spear             |   154 |    72 ||   226
       Kick              |    28 |    17 ||    45
Invok: Trog's Hand       |     1 |     1 ||     2
  Use: Scroll            |     5 |       ||     5
       Potion            |     2 |       ||     2
  Eat: Ration            |     1 |       ||     1
       Chunk             |     1 |       ||     1
Armor: Animal skin       |     1 |       ||     1
       Leather armour    |    55 |    36 ||    91
Dodge: Dodged            |    86 |    59 ||   145
